 Dungeon Crawl Stone Soup version 0.29.1-15-g9cfb28693d (webtiles) character file.

Game seed: 3379499208528966765

529 FaviusArthum the Magician (level 7, -3/40 HPs)
             Began as a Deep Elf Abyssal Knight on Sept 1, 2023.
             Was a Priest of Lugonu.
             Killed from afar by an orc wizard (6 damage)
             ... with a puff of flame
             ... on level 5 of the Dungeon.
             The game lasted 00:32:41 (10935 turns).

FaviusArthum the Magician (DEAK)                   Turns: 10935, Time: 00:32:42

Health: -3/40      AC:  7    Str:  9 (10) XL:     7   Next: 3%
Magic:  14/14      EV: 12    Int: 16 (17) God:    Lugonu [***...]
Gold:   251        SH:  0    Dex: 14 (15) Spells: 5/13 levels left

rFire   + . .      SeeInvis .   D - +1 long sword
rCold   . . .      Faith    .   (no shield)
rNeg    . . .      Spirit   .   b - +0 leather armour
rPois   .          Reflect  .   f - +1 helmet
rElec   .          Harm     .   (no cloak)
rCorr   .          Rampage  .   h - +0 pair of gloves
Will    .....                   y - +0 pair of boots
Stlth   +.........              (no amulet)
HPRegen 0.13/turn               g - ring of wizardry
MPRegen 0.14/turn               C - ring of protection from fire

@: no status effects
A: no striking features
a: Renounce Religion, Depart the Abyss, Bend Space, Banish


You were on level 5 of the Dungeon.
You worshipped Lugonu.
Lugonu was most pleased with you.
You visited 1 branch of the dungeon, and saw 5 of its levels.
You visited the Abyss 1 time.

You collected 251 gold pieces.

Inventory:

Hand Weapons
 a - a +1 spear
 d - a +0 dagger
 p - a +2 rapier
 z - a +0 war axe
 D - a +1 long sword (weapon)
Missiles
 q - 2 throwing nets
Armour
 b - a +0 leather armour (worn)
 f - a +1 helmet (worn)
 h - a +0 pair of gloves (worn)
 j - a +1 hat
 n - a +2 ring mail
 t - a +0 ring mail
 y - a +0 pair of boots (worn)
Jewellery
 g - a ring of wizardry (left hand)
 C - a ring of protection from fire (right hand)
Scrolls
 c - 2 scrolls of magic mapping
 e - 5 scrolls of poison
Potions
 i - a potion of resistance {unknown}
 k - 2 potions of lignification {unknown}
 l - a potion of brilliance
 o - 2 potions of cancellation {unknown}
 r - a potion of mutation {unknown}
 s - a potion of curing {unknown}


   Skills:
 + Level 2.9 Fighting
 + Level 2.7(2.8) Short Blades
 + Level 0.1(1.4) Long Blades
 + Level 1.8 Polearms
 * Level 3.4 Armour
 + Level 3.4 Dodging
 + Level 0.6 Stealth
 * Level 3.5 Spellcasting
 * Level 1.9 Necromancy
 * Level 1.4 Translocations
 + Level 2.1 Invocations
 + Level 0.3 Evocations


You had 5 spell levels left.
You knew the following spells:

 Your Spells              Type           Power      Damage    Failure   Level
a - Animate Dead          Necr           8%         N/A       38%         4
b - Passage of Golubria   Tloc           7%         N/A       45%         4

Your spell library contained the following spells:

 Spells                   Type           Power      Damage    Failure   Level
 Tukima's Dance           Hex            2%         N/A       28%         3
 Yara's Violent Unravell  Hex/Tmut       1%         3d3       92%         5
 Haunt                    Necr/Summ      2%         N/A       100%        7
 Infestation              Necr           4%         N/A       100%        8


Dungeon Overview and Level Annotations

Branches:
Dungeon (5/15)
 Temple: D:4-7

Altars:
Hepliaklqana
Kikubaaqudgha


Message History

Something hits you but does no damage.
The orc priest hits your orc zombie with a +1 short sword of holy wrath.
Your orc zombie convulses.
Your orc zombie barely misses the orc priest.
Aiming: Throw Flame
Press: ? - help, Shift-Dir - straight line The puff of flame hits something.
The now-empty wand crumbles to dust.
Your reaping aura is weakening.
The orc priest invokes the aid of Beogh against you.
Beogh smites you!
* * * LOW HITPOINT WARNING * * *
Something hits you but does no damage.
An orc priest is nearby!
As you read the scroll of teleportation, it crumbles to dust.
You feel strangely unstable. Something hits you but does no damage.
The orc priest hits your orc zombie with a +1 short sword of holy wrath.
Your orc zombie is destroyed!
Something hits you.
* * * LOW HITPOINT WARNING * * *
Your surroundings seem slightly different.
As you read the scroll of teleportation, it crumbles to dust.
You feel strangely unstable.
Your reaping aura expires.
A puff of flame appears from out of thin air!
The puff of flame misses you.
Something tries to affect you, but you resist.
Your surroundings seem slightly different.
Magic restored.
A puff of flame appears from out of thin air!
The puff of flame hits you. You resist.
* * * LOW HITPOINT WARNING * * *
There is a strange disturbance nearby!
There is a strange disturbance nearby!
Things that are here:
a +0 trident; a +0 scale mail
Things that are here:
a +0 club; a +0 mace; a +0 dagger A puff of flame appears from out of thin air!
The puff of flame hits you. You resist.
You die...

#.# #........# # ###.#
#...<....# .. ...#
#........# .##..#
#........# ....#
#........# #..#
#...<(...# ######.###
#........# #........##
#....<...#
#.####@#..#########..##
#)##...#######..##
#).###....>.##...# ##.#
######....#.. # #.#
####.... .# #{# #.....
##.# #.### #.#.##
##...# #...## #.#.#
#..# ###..#######.#.#


There were no monsters in sight!

Vanquished Creatures
  Blork the orc (D:4)
  2 scorpions (D:5)
  A hound (D:4)
  A jelly (D:4)
  An orc priest (D:5)
  An iguana (D:5)
  An orc wizard (D:5)
  Robin (D:2)
  3 gnolls (D:5)
  4 adders
  A worm (D:2)
  7 orcs (D:5)
  4 ball pythons
  8 endoplasms
  3 giant cockroaches
  10 goblins
  9 hobgoblins
  6 jackals
  2 quokkas
  3 bats
  4 frilled lizards
  A kobold (D:4)
  An orc zombie (D:5)
  3 rats
78 creatures vanquished.

Vanquished Creatures (others)
  A hound (D:5)
  An orc wizard (D:5)
  An orc zombie (D:5)
3 creatures vanquished.

Grand Total: 81 creatures vanquished

Notes
Turn   | Place    | Note
-------+----------+-------------------------------------------
     0 | Abyss:1  | FaviusArthum the Deep Elf Abyssal Knight began the quest
                  | for the Orb.
     0 | Abyss:1  | Reached XP level 1. HP: 13/13 MP: 4/4
     1 | D:1      | Escaped the Abyss
   369 | D:1      | Reached XP level 2. HP: 18/18 MP: 5/5
   531 | D:1      | Reached skill level 1 in Spellcasting
  1549 | D:2      | Reached skill level 1 in Armour
  1804 | D:2      | Reached XP level 3. HP: 22/22 MP: 7/7
  2173 | D:2      | Reached *** piety under Lugonu
  3793 | D:2      | Noticed Robin
  3801 | D:2      | Killed Robin
  3802 | D:2      | Reached XP level 4. HP: 14/27 MP: 6/8
  4560 | D:3      | Found a faded altar of an unknown god.
  4853 | D:3      | Learned a level 4 spell: Animate Dead
  5935 | D:4      | Found an ancient bone altar of Kikubaaqudgha.
  7603 | D:4      | Reached skill level 1 in Short Blades
  7603 | D:4      | Reached XP level 5. HP: 26/32 MP: 10/10
  7677 | D:4      | Learned a level 4 spell: Passage of Golubria
  7939 | D:4      | Noticed Blork the orc
  7949 | D:4      | Killed Blork the orc
  7950 | D:4      | Reached skill level 1 in Necromancy
  8628 | D:4      | Found a hazy altar of Hepliaklqana.
  8681 | D:5      | Entered Level 5 of the Dungeon
  8700 | D:5      | Reached XP level 6. HP: 11/36 MP: 12/12
  8702 | D:5      | Reached skill level 1 in Translocations
 10295 | D:5      | Reached XP level 7. HP: 8/40 MP: 14/14
 10923 | D:5      | HP: 1/40 [something/puff of flame (4)]
 10935 | D:5      | Killed from afar by an orc wizard

Illustrated notes

Levels and vault maps discovered:
D:1:      sevenhm_arrival_forest_fort_small_6, layout_loops_ring
D:2:      layout_basic, uniq_robin
D:3:      layout_basic, dreamdust_ecumenical_altar_angels_and_demons
D:4:      layout_gridville, mainiacjoe_overflow_catwalk,
          worldfamousw_hep_ancestral_shrine, uniq_blork_the_orc
D:5:      layout_rooms, minmay_crystal_room

Skill      XL: |  1  2  3  4  5  6 |
---------------+-------------------+-----
Spellcasting   | 1 2 3 |  3.5
Armour         | 1 2 3 |  3.4
Dodging        | 3 |  3.4
Short Blades   | 1 2 |  2.7
Necromancy     | 1 |  1.9
Translocations | 1 |  1.4
Fighting       | |  2.9
Long Blades    | |  0.1
Polearms       | |  1.8
Stealth        | |  0.6
Invocations    | |  2.1
Evocations     | |  0.3

Action                   |  1- 3 |  4- 6 |  7- 9 || total
-------------------------+-------+-------+-------++-------
Melee: Spear             |    69 |       |       ||    69
       Punch             |     2 |     1 |       ||     3
       Rapier            |    42 |   131 |       ||   173
       Long sword        |       |    40 |     5 ||    45
 Cast: Animate Dead      |       |     1 |     1 ||     2
Invok: Bend Space        |     1 |     1 |       ||     2
Evoke: Wand              |     5 |    11 |     1 ||    17
  Use: Scroll            |     8 |    10 |     3 ||    21
       Potion            |     2 |     9 |       ||    11
Armor: Leather armour    |    23 |       |     6 ||    29
       Ring mail         |    21 |   134 |       ||   155
Dodge: Dodged            |    73 |   109 |     2 ||   184
